 Dungeon Crawl Stone Soup version 0.25-a0-1056-g2efb326896 (webtiles) character file.

Game seed: 12086631637870411964, levelgen mode: deterministic

350 kae the Chiller (level 6, -2/41 HPs)
             Began as a Merfolk Ice Elementalist on May 13, 2020.
             Slain by a gnoll
             ... wielding a +0 halberd
              (4 damage)
             ... on level 4 of the Dungeon.
             The game lasted 00:04:26 (4785 turns).

kae the Chiller (Merfolk Ice Elementalist)          Turns: 4785, Time: 00:04:27

Health: -2/41      AC:  2    Str: 10    XL:     6   Next: 60%
Magic:  2/11       EV: 12    Int: 15    God:
Gold:   176        SH:  4    Dex: 14    Spells: 8/12 levels left

rFire    . . .     SeeInvis .   p - +2 spear (venom)
rCold    . . .     Gourm    .   i - +1 buckler (curse)
rNeg     . . .     Faith    .   a - +0 robe
rPois    .         Spirit   .   (no helmet)
rElec    .         Reflect  .   (no cloak)
rCorr    .         Harm     .   (no gloves)
MR       .....                  (no boots)
Stlth    +.........             (no amulet)
HPRegen  0.13/turn              j - ring of attention (curse)
MPRegen  0.12/turn              (no ring)

@: very slightly contaminated
A: change form in water, swift swim, stealthy swim
a: no special abilities


You were on level 4 of the Dungeon.
You were near starving.

You visited 1 branch of the dungeon, and saw 4 of its levels.

You collected 176 gold pieces.

Inventory:

Hand Weapons
 d - a +1 whip
 p - a +2 spear of venom (weapon)
Armour
 a - a +0 robe (worn)
 i - a cursed +1 buckler (worn)
Jewellery
 j - a cursed ring of attention (left hand)
Scrolls
 b - a scroll of enchant weapon
 e - a scroll of amnesia {unknown}
 h - a scroll of noise {unknown}
 m - 2 scrolls of fear
 n - 4 scrolls of identify
Potions
 f - a potion of flight
 g - 2 potions of haste {unknown}
 k - a potion of stabbing
 l - a potion of brilliance
 o - a potion of might
Comestibles
 c - 10 rations


   Skills:
 - Level 2.6 Dodging
 - Level 2.1 Stealth
 + Level 3.8 Spellcasting
 * Level 7.4 Ice Magic


You had 8 spell levels left.
You knew the following spells:

 Your Spells              Type           Power        Failure   Level  Hunger
a - Freeze                Ice            ####         1%          1    None
b - Frozen Ramparts       Ice            ####..       4%          3    ###....

Your spell library contained the following spells:

 Spells                   Type           Power        Failure   Level  Hunger
 Ozocubu's Armour         Chrm/Ice       ##......     21%         3    ###....
 Hailstorm                Conj/Ice       ##......     54%         4    ####...
 Summon Ice Beast         Ice/Summ       ##......     54%         4    ####...


Dungeon Overview and Level Annotations

Branches:
Dungeon (4/15)
 Temple: D:4-7

Altars:
Fedhas
Gozag
Vehumet
The Shining One

Annotations:
D:2 1 runed translucent door, Crazy Yiuf


Message History

Aiming: Freeze (safe; 1% risk of failure)
Press: ? - help, Shift-Dir - straight line, f - gnoll
Aim: a gnoll, wielding a +0 halberd (fast)
You freeze the gnoll!
The gnoll is almost dead.
The gnoll hits you with a +0 club.
* * * LOW HITPOINT WARNING * * *
The gnoll misses you.
Your shield prevents you from hitting the gnoll.
The gnoll barely misses you. The gnoll hits you with a +0 club.
* * * LOW HITPOINT WARNING * * *
Casting: Freeze (safe; 1% risk of failure)
Confirm with . or Enter, or press ? or * to list all spells.
You don't have enough magic to cast that spell.
You closely miss the gnoll.
The gnoll is almost dead.
You block the gnoll's attack. The gnoll hits you with a +0 club.
* * * LOW HITPOINT WARNING * * *
The gnoll hits you with a +0 halberd.
You die...

#. ######## #.#
#....... #.###
#.#####. #...######.#
#.
#####..........#####.
...$.....###.........
####.#..# #########.
########.#..# #.
.......@g$..# #.
########g#..# #.
###.#...### #. ###
##..###...... #.
#.$$$#.gg.#...#### .
#.$_$.g....#..#
^.$$$..........#
...........$...#
##.#.......#.....


You could see 2 gnolls.

Vanquished Creatures
  A water moccasin skeleton (D:4)
  A gnoll shaman (D:4)
  Terence (D:3)
  Natasha (thrice) (D:3)
  6 gnolls
  4 adders
  2 oozes
  2 worms
  4 dart slugs
  A leopard gecko (D:4)
  4 orcs (D:3)
  A giant cockroach (D:4)
  5 goblins
  5 hobgoblins
  6 kobolds
  12 bats
  4 frilled lizards
  4 rats
66 creatures vanquished.

Notes
Turn   | Place    | Note
-------+----------+-------------------------------------------
     0 | D:1      | kae the Merfolk Ice Elementalist began the quest for the
                  | Orb.
     0 | D:1      | Reached XP level 1. HP: 13/13 MP: 3/3
    66 | D:1      | Reached XP level 2. HP: 13/19 MP: 0/5
   388 | D:1      | Reached skill level 5 in Ice Magic
   614 | D:1      | Reached XP level 3. HP: 19/24 MP: 0/6
  1310 | D:2      | Found a runed translucent door.
  1311 | D:2      | Noticed Crazy Yiuf
  1750 | D:2      | Reached XP level 4. HP: 24/30 MP: 4/8
  2368 | D:2      | Learned a level 3 spell: Frozen Ramparts
  3049 | D:3      | Found a glowing golden altar of the Shining One.
  3049 | D:3      | Noticed Natasha
  3059 | D:3      | Killed Natasha
  3059 | D:3      | Reached skill level 6 in Ice Magic
  3059 | D:3      | Reached XP level 5. HP: 20/35 MP: 1/9
  3634 | D:3      | Found a radiant altar of Vehumet.
  3634 | D:3      | Found a blossoming altar of Fedhas.
  3923 | D:3      | Noticed Natasha
  3932 | D:3      | Killed Natasha
  4018 | D:3      | Noticed Natasha
  4022 | D:3      | Killed Natasha
  4051 | D:3      | Noticed Terence
  4055 | D:3      | Killed Terence
  4055 | D:3      | Reached XP level 6. HP: 30/41 MP: 7/11
  4362 | D:4      | HP: 1/41 [water moccasin skeleton (6)]
  4370 | D:4      | Reached skill level 7 in Ice Magic
  4740 | D:4      | Found an opulent altar of Gozag.
  4785 | D:4      | HP: 2/41 [gnoll/+0 club (5)]
  4785 | D:4      | Slain by a gnoll

Illustrated notes

Levels and vault maps discovered:
D:1:      lightli_arrival_windingriver, layout_loops_cross
D:2:      layout_loops_ring, grunt_ministairs_13, uniq_crazy_yiuf_cottage
D:3:      layout_basic, gammafunk_temple_overflow_elements, first_ration,
          tso_altar, uniq_natasha, uniq_terence
D:4:      layout_loops_ring, grunt_dithmenos_shadows,
          nicolae_gozag_seed_capital, goddamned_bats

Skill      XL: |  1  2  3  4  5  6 |
---------------+-------------------+-----
Ice Magic      | 5 6 7 |  7.4
Spellcasting   | 3 |  3.8
Dodging        | |  2.6
Stealth        | |  2.1

Action                   |  1- 3 |  4- 6 || total
-------------------------+-------+-------++-------
Melee: Unarmed           |    11 |       ||    11
       Whip              |    13 |     7 ||    20
       Spear             |       |    50 ||    50
 Cast: Freeze            |    45 |    57 ||   102
       Frozen Ramparts   |       |     3 ||     3
  Use: Scroll            |     2 |     8 ||    10
       Potion            |       |     1 ||     1
 Stab: Sleeping          |     2 |     1 ||     3
  Eat: Chunk             |     3 |     5 ||     8
       Ration            |       |     1 ||     1
Armor: Robe              |     6 |    14 ||    20
Dodge: Dodged            |    38 |    47 ||    85
Block: Buckler           |       |    21 ||    21

Table legend:
 A = Non-vault XP
 B = Vault XP
 C = Vault XP percentage of total XP
 D = Non-vault monster count
 E = Vault monster count
 F = Vault count percentage of total count
                 A         B        C        D         E       F
            +---------+---------+-------+---------+---------+-------
      Total |     424 |      76 |  15.2 |      62 |       4 |   6.1
            +---------+---------+-------+---------+---------+-------
        D:1 |      40 |       0 |   0.0 |      20 |       0 |   0.0
        D:2 |      69 |       5 |   6.8 |      15 |       2 |  11.8
        D:3 |     155 |      71 |  31.4 |      19 |       2 |   9.5
        D:4 |     160 |       0 |   0.0 |       8 |       0 |   0.0
            +---------+---------+-------+---------+---------+-------
